Map: [ESL] Tropical Sacrifice

Players

ShaDoWn - Winner!

  • Race: Protoss Protoss
  • Spawn Location: 7:00

NightPhoenix

  • Race: Protoss Protoss
  • Spawn Location: 1:00

Event: DreamHack SC2 Masters 2022 Valencia

VOD

Have the link to the VOD?

Description

Time

  • Played on: July 1, 2022, 5:01 p.m.
  • Length: 6:19

All games in this series

Show
View Real Time Build Order
Export as new Build Order

ShaDoWn Protoss - Winner!

Build Orders: 1 Gate Expand 

Get SALT Encoding   

  12  0:00  Probe  
  13  0:12  Probe  
  14  0:20  Pylon  
  14  0:24  Probe  
  15  0:38  Probe (Chrono Boost), Gateway  
  16  0:47  Probe (Chrono Boost)  
  16  0:48  Assimilator  
  17  0:53  Probe  
  18  1:05  Probe  
  19  1:17  Probe  
  20  1:25  Nexus  
  20  1:35  Cybernetics Core  
  20  1:38  Probe  
  21  1:45  Assimilator  
  21  1:50  Probe  
  22  1:55  Pylon  
  22  2:02  Probe  
  23  2:13  Stalker (Chrono Boost)  
  23  2:14  Probe  
  26  2:26  Probe  
  26  2:27  Warp Gate, Robotics Facility  
  27  2:37  Probe  
  27  2:38  Probe  
  27  2:40  Stalker  
  31  2:49  Probe  
  32  2:52  Gateway  
  32  2:56  Probe  
  33  3:12  Stalker  
  34  3:13  Immortal (Chrono Boost)  
  36  3:25  Shield Battery  
  37  3:29  Probe  
  37  3:34  Probe  
  39  3:43  Immortal (Chrono Boost)  
  39  3:46  Pylon  
  42  3:49  Pylon  
  42  3:51  Probe  
  43  4:04  Probe  
  43  4:07  Pylon  
  43  4:09  Probe  
  45  4:15  Observer (Chrono Boost)  
  45  4:16  Stalker, Sentry  
  52  4:27  Gateway  
  52  4:29  Immortal (Chrono Boost)  
  55  4:33  Shield Battery  
  55  4:37  Shield Battery  
  56  4:46  Stalker  
  56  4:47  Stalker  
  56  4:51  Pylon  
  50  5:07  Immortal (Chrono Boost)  
  51  5:14  Probe  
  51  5:16  Probe  
  51  5:20  Stalker  
  54  5:26  Probe  
  54  5:28  Probe  
  56  5:36  Immortal (Chrono Boost)  
  56  5:41  Pylon  
  60  5:47  Probe  
  60  5:49  Probe  
  62  5:54  Pylon  
  64  6:08  Stalker  
  68  6:13  Shield Battery  
  68  6:16  Pylon  
Show
View Real Time Build Order
Export as new Build Order

NightPhoenix Protoss 

Build Orders: Blink Stalkers 

Get SALT Encoding   

  12  0:00  Probe  
  13  0:12  Probe  
  14  0:17  Pylon  
  14  0:24  Probe (Chrono Boost)  
  15  0:36  Probe (Chrono Boost)  
  15  0:37  Gateway  
  16  0:45  Probe (Chrono Boost)  
  16  0:47  Assimilator  
  17  0:51  Probe  
  17  0:56  Assimilator  
  18  1:03  Probe (Chrono Boost)  
  19  1:10  Gateway  
  19  1:16  Probe (Chrono Boost)  
  20  1:20  Probe (Chrono Boost)  
  21  1:26  Cybernetics Core  
  21  1:31  Probe  
  22  1:37  Pylon  
  22  1:43  Probe  
  23  2:03  Stalker x2, Warp Gate  
  27  2:12  Pylon  
  27  2:20  Twilight Council  
  27  2:33  Stalker  
  27  2:35  Stalker  
  31  2:44  Gateway  
  31  2:52  Blink (Chrono Boost)  
  31  3:23  Stalker x2  
  35  3:27  Gateway  
  35  3:29  Shield Battery  
  35  3:56  Sentry  
  35  4:00  Pylon  
  37  4:04  Stalker  
  37  4:07  Pylon  
  39  4:14  Phoenix  
  39  4:19  Stalker  
  39  4:20  Stalker  
  39  4:22  Stalker  
  45  4:27  Stalker  
  47  4:58  Stalker x3  
  39  5:13  Stalker  
  39  5:25  Stalker x2  
  39  5:27  Stalker  
  45  5:34  Stalker  
  47  5:43  Stalker  
  47  5:51  Stalker  
  49  6:00  Stalker  

Tags
 
Add a new tag
Caveats
  • Supply blocks, unpowered buildings, or Contaminate may cause inaccurate times.
  • Supply counts are checked every 10 seconds.